Map: Ulrena

Players

zidar - Winner!

  • Race: Zerg Zerg
  • League: Silver
  • Spawn Location: 7:00

Slink

  • Race: Zerg Zerg
  • Spawn Location: 11:00

VOD

Have the link to the VOD?

Description

Time

  • Played on: Nov. 21, 2015, 9:05 a.m.
  • Length: 13:18
Show
View Real Time Build Order
Export as new Build Order

zidar Zerg - Winner!

Build Orders: Pool First 

Get SALT Encoding   

  12  0:02  Drone  
  13  0:12  Overlord  
  13  0:17  Drone  
  14  0:30  Drone x2  
  16  0:40  Drone  
  17  0:47  Spawning Pool  
  16  0:51  Drone  
  17  0:57  Extractor  
  17  0:58  Drone  
  17  1:22  Drone  
  18  1:26  Hatchery  
  18  1:28  Drone  
  18  1:36  Overlord  
  18  1:57  Queen  
  18  1:58  Drone x2  
  22  2:07  Roach Warren  
  21  2:10  Drone  
  21  2:14  Extractor  
  21  2:42  Queen  
  23  2:53  Drone  
  23  2:54  Drone x2  
  26  2:59  Roach x2  
  29  3:18  Roach x3  
  35  3:22  Overlord x2  
  35  3:35  Drone  
  36  3:42  Roach  
  36  3:43  Roach  
  40  3:52  Evolution Chamber  
  39  3:57  Roach  
  39  3:58  Roach x2  
  45  4:03  Drone  
  45  4:05  Drone  
  45  4:08  Drone  
  48  4:20  Zerg Missile Weapons Level 1  
  48  4:30  Drone x4  
  52  4:42  Overlord x2  
  52  5:07  Roach x7  
  54  5:13  Ravager  
  67  5:14  Ravager  
  67  5:20  Overlord x2  
  68  5:42  Ravager  
  69  5:44  Ravager  
  69  5:46  Ravager  
  71  6:17  Roach x2  
  71  6:18  Roach x4  
  58  7:12  Queen  
  54  8:28  Roach  
  54  8:29  Roach x12  
  71  9:05  Queen  
  73  9:13  Drone x3  
  76  9:27  Ravager x4  
  76  9:28  Ravager x2  
  82  10:21  Hatchery  
  81  10:33  Hatchery  
  80  10:45  Hatchery  
  67  11:34  Drone  
  56  11:52  Roach  
  56  11:53  Roach x12  
  73  12:50  Roach x3  
Show
View Real Time Build Order
Export as new Build Order

Slink Zerg 

Build Orders: Hatch First 

Get SALT Encoding   

  12  0:04  Drone  
  13  0:14  Overlord  
  13  0:18  Drone  
  14  0:34  Drone x2  
  16  0:45  Drone  
  17  1:05  Hatchery  
  16  1:11  Spawning Pool  
  15  1:18  Drone x2  
  17  1:26  Extractor  
  17  1:28  Drone  
  17  1:43  Drone x2  
  19  2:00  Drone  
  20  2:06  Queen  
  22  2:18  Zergling x2  
  23  2:26  Spine Crawler  
  22  2:33  Zergling x2  
  23  2:39  Zergling x2, Drone  
  23  2:40  Zergling x2  
  26  2:46  Drone  
  26  2:49  Metabolic Boost  
  27  2:53  Drone  
  28  3:10  Overlord  
  28  3:16  Baneling Nest  
  27  3:20  Overlord  
  27  3:21  Drone  
  28  3:27  Hatchery  
  27  3:37  Overlord, Drone x2  
  29  3:50  Roach Warren  
  29  3:54  Zergling x2, Drone x2  
  31  4:01  Evolution Chamber  
  30  4:08  Drone x3  
  33  4:16  Spine Crawler  
  32  4:29  Drone  
  32  4:31  Roach x5  
  37  4:38  Roach x3  
  49  4:53  Zerg Melee Weapons Level 1  
  47  5:09  Queen  
  47  5:13  Roach x2  
  53  5:16  Overlord  
  53  5:18  Extractor  
  53  5:20  Queen  
  54  5:21  Drone x2  
  56  5:35  Drone x3  
  59  5:40  Extractor  
  58  5:43  Extractor  
  57  5:52  Drone x3  
  60  6:05  Roach x2  
  60  6:07  Overlord x2  
  64  6:19  Spine Crawler  
  61  6:26  Overlord  
  61  6:27  Overlord  
  61  6:29  Roach x2  
  46  6:40  Drone x4  
  41  6:54  Roach x3  
  41  6:58  Drone  
  41  6:59  Drone  
  44  7:12  Roach Warren  
  44  7:14  Roach x3  
  48  7:26  Spine Crawler  
  42  7:32  Roach  
  42  7:33  Roach x3  
  42  7:35  Roach  
  42  7:45  Drone x3  
  45  7:52  Roach  
  47  8:05  Roach  
  47  8:10  Roach  
  41  8:34  Ravager x3  
  42  8:46  Roach x2  
  42  8:47  Roach x2  
  46  9:00  Hatchery  
  39  9:12  Extractor  
  39  9:16  Extractor  
  37  9:47  Drone x4  
  41  10:02  Spawning Pool  
  40  10:08  Roach x2  
  40  10:09  Roach  
  46  10:20  Roach x3  
  52  10:25  Drone x2  
  54  10:35  Ravager  
  55  10:55  Zergling x8  
  55  10:56  Zergling x4  
  59  11:11  Spine Crawler  
  59  11:16  Evolution Chamber  
  57  11:47  Overlord  
  57  11:48  Overlord x3  
  26  12:20  Roach x4  
  29  12:25  Hatchery  
  28  12:35  Roach x2  
  28  12:36  Roach  
  34  12:44  Roach  
  36  12:49  Roach  
  38  12:53  Ravager x3  
Tags
 
League
Silver
Matchup
ZvZ
Race
Zerg
Spawn Locations
Close Positions
Add a new tag
Caveats
  • Supply blocks, unpowered buildings, or Contaminate may cause inaccurate times.
  • Supply counts are checked every 10 seconds.